 Dungeon Crawl Stone Soup version 0.17.0-15-g6d90897 (console) character file.

7 gw the Cudgeler (level 1, -2/19 HPs)
             Began as a Minotaur Berserker on Nov 11, 2015.
             Was a Follower of Trog.
             Slain by a worm (6 damage)
             ... on level 2 of the Dungeon.
             The game lasted 00:00:34 (483 turns).

gw the Cudgeler (Minotaur Berserker)                 Turns: 483, Time: 00:00:34

Health: -2/19      AC:  6    Str: 21    XL:     1   Next: 91%
Magic:  0/0        EV: 10    Int:  4    God:    Trog [*.....]
Gold:   14         SH:  0    Dex:  9    Spells: 0 memorised, 0 levels left

rFire  . . .     SeeInvis .     a - +0 mace
rCold  . . .     Clarity  .     d - +0 scale mail
rNeg   . . .     SustAt   .     (no shield)
rPois  .         Gourm    .     (helmet restricted)
rElec  .         Spirit   .     (no cloak)
rCorr  .         Warding  .     (no gloves)
rMut   .         Stasis   .     (no boots)
MR     .....                    (no amulet)
Stlth  ..........               (no ring)
                                (no ring)

@: not resistant to hostile enchantments, extremely unstealthy
A: retaliatory headbutt, horns 2
a: Berserk, Burn Spellbooks, Renounce Religion


You were on level 2 of the Dungeon.
You worshipped Trog.
Trog was aware of your devotion.
You were not hungry.

You visited 1 branch of the dungeon, and saw 2 of its levels.

You collected 14 gold pieces.

Inventory:

Hand Weapons
 a - a +0 mace (weapon)
Missiles
 e - 13 stones (quivered)
Armour
 d - a +0 scale mail (worn)
Comestibles
 c - 2 bread rations


   Skills:
 + Level 3.6 Fighting
 * Level 4.0 Maces & Flails
 + Level 0.6 Throwing
 + Level 2.6 Armour
 - Level 2.1 Dodging


You couldn't memorise any spells.
You didn't know any spells.

Dungeon Overview and Level Annotations

Branches:
Dungeon (2/15)

Altars:


Innate Abilities, Weirdness & Mutations

You reflexively headbutt those who attack you in melee.
You have a pair of horns on your head.


Message History

KIIIITING; ATTACKING (0,-1)
You hit the worm. You headbutt the worm!
The worm is severely wounded.
The worm bites you!
Unknown command.
Unknown command.
Unknown command.
Unknown command.
KIIIITING; ATTACKING (0,-1)
You completely miss the worm.
The worm is severely wounded.
Unknown command.
Unknown command.
Unknown command.
Unknown command.
KIIIITING; ATTACKING (0,-1)
You hit the worm.
The worm is severely wounded.
The worm bites you.
You die...

###(....#
#(###.#
#.# #
#(###
#...#
#.#.#
#(#.# #w#
# #H# #.#
#.# #.#
#.# ###


You could see a worm.

Table legend:
 A = Turns spent in this place as a percentage of turns spent in the entire game.
 B = Non-inter-level travel turns spent in this place as a percentage of non-inter-level travel turns spent in the entire game.
 C = Inter-level travel turns spent in this place as a percentage of turns spent in this place.
 D = Turns resting spent in this place as a percentage of non-inter-level travel turns spent in this place.
 E = Turns spent auto-exploring this place as a percentage of non-inter-level travel turns spent in this place.
 F = Non-inter-level travel turns spent in this place divided by the number of levels of this place that you've seen.
                   A       B       C       D       E      F
               +-------+-------+-------+-------+-------+----------------------
         Total | 100.0 | 100.0 |   0.0 |   0.7 |   2.6 | 408.0
       Dungeon | 100.0 | 100.0 |   0.0 |   0.7 |   2.6 | 408.0
               +-------+-------+-------+-------+-------+----------------------

Table legend:
 A = Kills in this place as a percentage of kills in entire the game.
 B = Kills by you in this place as a percentage of kills by you in the entire game.
 C = Kills by friends in this place as a percentage of kills by friends in the entire game.
 D = Other kills in this place as a percentage of other kills in the entire game.
 E = Experience gained in this place as a percentage of experience gained in the entire game.
 F = Experience gained in this place divided by the number of levels of this place that you have seen.
                   A       B       C       D       E      F
               +-------+-------+-------+-------+-------+----------------------
         Total | 100.0 | 100.0 |  -nan |  -nan | 100.0 |   5.5
       Dungeon | 100.0 | 100.0 |  -nan |  -nan | 100.0 |   5.5
               +-------+-------+-------+-------+-------+----------------------

Vanquished Creatures
  A kobold (D:1)
  A giant newt (D:1)
  4 goblins
  A rat (D:1)
7 creatures vanquished.

Notes
Turn   | Place    | Note
--------------------------------------------------------------
     0 | D:1      | gw the Minotaur Berserker began the quest for the Orb.
     0 | D:1      | Reached XP level 1. HP: 19/19 MP: 0/0
   429 | D:1      | You fall through a shaft!
   444 | D:2      | Reached skill level 4 in Maces & Flails
   483 | D:2      | Slain by a worm

Action                   || total
-------------------------++-------
Melee: Mace              ||    25
Throw: Stone             ||    44

Vault maps used:
D:1:      saegor_arrival_miasma, minmay_misc_feat_enclosed
D:2:      ecumenical_altar_1
